 Dungeon Crawl Stone Soup version 0.19.0-19-g8c6edcc (webtiles) character file.

135619 mmcf the Warrior (level 16, -7/160 HPs)
             Began as a Minotaur Berserker on Nov 13, 2016.
             Was a High Priest of Trog.
             Mangled by a wolf spider (28 damage)
             ... on level 4 of the Spider Nest.
             The game lasted 01:18:00 (27563 turns).

mmcf the Warrior (Minotaur Berserker)              Turns: 27563, Time: 01:18:01

Health: -7/160     AC: 24    Str: 29    XL:     16   Next: 64%
Magic:  22/22      EV: 16    Int:  8    God:    Trog [*****.]
Gold:   1672       SH:  0    Dex: 17    Spells: 0 memorised, 15 levels left

rFire  . . .     SeeInvis +     b - +7 arbalest of Entrepreneurial Spirit {venom, *Slow MR++ Int+3 SInv}
rCold  + . .     Gourm    .     g - +6 chain mail "Siosh" {Regen+}
rNeg   . . .     Faith    .     (shield currently unavailable)
rPois  +         Spirit   .     (helmet restricted)
rElec  .         Reflect  .     J - +0 cloak of Shielding {+Blink rPois Str+7}
rCorr  +         Harm     .     j - +0 pair of gloves of Recklessness {rC+ rCorr Int-2 Dex+3}
MR     +++++                    o - +2 pair of boots
Stlth  ..........               R - amulet of regeneration
                                N - ring of poison resistance
                                (no ring)

@: lethally poisoned (-7 -> -7), very slightly contaminated, regenerating
A: retaliatory headbutt, horns 2
a: Berserk, Trog's Hand, Brothers in Arms, Burn Spellbooks, Renounce Religion,
Evoke Blink


You were on level 4 of the Spider Nest.
You worshipped Trog.
Trog was extremely pleased with you.
You were not hungry.

You visited 4 branches of the dungeon, and saw 27 of its levels.
You also visited: Labyrinth and Volcano.

You collected 3278 gold pieces.
You spent 1606 gold pieces at shops.

Inventory:

Hand Weapons
 a - a +1 eveningstar of freezing
 b - the +7 arbalest of Entrepreneurial Spirit (weapon) {venom, *Slow MR++ Int+3 SInv}
   (Trog gifted it to you on level 1 of the Orcish Mines)

   It poisons the ammo it fires.
   It affects your intelligence (+3).
   It affects your resistance to hostile enchantments.
   It lets you see invisible.
   It may slow you when you take damage.
Missiles
 q - 290 bolts (quivered)
 U - 4 silver tomahawks
Armour
 g - the +6 chain mail "Siosh" (worn) {Regen+}
   (You found it on level 5 of the Dungeon)

   It increases your rate of regeneration.
 j - the +0 pair of gloves of Recklessness (worn) {rC+ rCorr Int-2 Dex+3}
   (You bought it in a shop on level 2 of the Orcish Mines)

   It affects your intelligence (-2).
   It affects your dexterity (+3).
   It protects you from cold.
   It protects you from acid and corrosion.
 o - a +2 pair of boots (worn)
 s - a +3 plate armour of fire resistance
 J - the +0 cloak of Shielding (worn) {+Blink rPois Str+7}
   (You bought it in a shop on level 9 of the Dungeon)

   It affects your strength (+7).
   It protects you from poison.
   It lets you blink.
Rods
 l - a +4 rod of inaccuracy (9/9)
   (You took it off a minotaur in a labyrinth)
 V - a +4 rod of clouds (14/14)
   (You found it in a labyrinth)
Jewellery
 r - the ring "Maeng" {rPois rC+++ Str-5 Int-2 Dex-3}
   (You took it off a minotaur in a labyrinth)

   [ring of dexterity]

   It affects your strength (-5).
   It affects your intelligence (-2).
   It affects your dexterity (-3).
   It renders you almost immune to cold.
   It protects you from poison.
 G - an uncursed ring of ice
 L - an uncursed ring of fire
 N - a ring of poison resistance (right hand)
 R - an amulet of regeneration (around neck)
Wands
 p - a wand of teleportation (5/9)
 y - a wand of lightning (15/15)
 z - a wand of enslavement (8/24)
 O - a wand of digging (15/24)
 T - a wand of heal wounds (6/9)
Scrolls
 e - 3 scrolls of enchant armour
 i - 8 scrolls of identify
 k - 5 scrolls of magic mapping
 n - 4 scrolls of fog
 x - 2 scrolls of blinking
 F - 3 scrolls of remove curse
 Q - 5 scrolls of teleportation
 X - 3 scrolls of fear
Potions
 d - 6 potions of resistance
 f - a potion of agility
 h - 2 potions of magic
 m - 3 potions of haste
 u - 14 potions of curing
 w - 2 potions of invisibility
 B - 2 potions of flight
 C - a potion of cancellation
 D - 3 potions of heal wounds
Miscellaneous
 t - a fan of gales
Comestibles
 c - 12 bread rations
 v - a beef jerky


   Skills:
 + Level 19.2 Fighting
 - Level 18.1 Maces & Flails
 - Level 11.0 Crossbows
 + Level 10.8 Armour
 - Level 11.6 Dodging
 + Level 10.2 Evocations


You had 15 spell levels left.
You didn't know any spells.

Dungeon Overview and Level Annotations

Branches:
Dungeon (15/15)            Temple (0/1) D:6            Lair (6/6) D:11
 Shoals (0/4) Lair:2       Spider (4/4) Lair:2        Slime (0/5) Lair:5
    Orc (2/2) D:11            Elf (0/3) Orc:2        Vaults (0/5) D:14
 Depths (0/5) D:15

Altars:
Ashenzari
Cheibriados
Dithmenos
Fedhas
Gozag
Makhleb
Qazlal
Ru
Sif Muna
Trog
Uskayaw
Vehumet
Xom
Zin
The Shining One
Jiyva
Lugonu

Shops:
D:7 [   D:9 [   Orc:1 [   Orc:2 %!?[(

Portals:
Hell: Lair:6


Innate Abilities, Weirdness & Mutations

You reflexively headbutt those who attack you in melee.
You have a pair of horns on your head.


Message History

The wolf spider bites you.
* * * LOW HITPOINT WARNING * * *
You are poisoned.
The wolf spider poisons you!
The hornet pulls away from the web.
The wolf spider hits you.
* * * LOW HITPOINT WARNING * * *
The wolf spider barely misses you.
A wolf spider comes into view.
As you read the scroll of fear, it crumbles to dust.
You assume a fearsome visage.
The wolf spider looks frightened!
The wolf spider hisses angrily.
The redback looks frightened!
The orb spider looks frightened!
The hornet looks frightened! x2; The wolf spider looks frightened!
The moth of wrath resists with some effort.
You feel sick. The wolf spider closely misses you. x2
The wolf spider hits you!
* * * LOW HITPOINT WARNING * * *
The wolf spider bites you but does no damage.
The wolf spider hits you!!
You die...

...#.....(.####.#
#.###...#s...##^#
...#...###...##.##
§§^.^...#^..^#^^.##
.....s(^.^...'....##
s†^...(..ssy.y..†..#
...(.^.ys...sy†....#
.^......#^...#)ss.###
..†#...###...##s@...##
#.###...#.s..##^#..^^#
^..#.......####.#...##
..........##,,#.#...##
..^.....^##,,,#.#....#
###.^...##,,,##.###..#
*,###....,,,##..##^.##
,,,,,,,,,,,*#..####.†##
,,,,,,******#####.##†.#


You could see 5 wolf spiders, a moth of wrath, an orb spider (fleeing), 2
hornets and a redback (fleeing).

Vanquished Creatures
  Arachne (Spider:2)
  3 orc warlords
  The ghost of coffeespoons the Fighter, a journeyman MiBe of Trog (D:14)
  3 emperor scorpions
  3 entropy weavers
  A stone giant (Orc:2)
  The ghost of CcS the Warrior, a journeyman VSGl of Elyvilon (Lair:3)
  Nessos (D:12)
  Azrael (D:12)
  A dire elephant (D:15)
  Snorg (Orc:1)
  A minotaur (Lab)
  Josephine (D:11)
  12 hydras
  A catoblepas (D:13)
  3 ogre magi
  2 dancing weapons (D:14)
  A queen ant (Spider:1)
  6 death yaks
  A hell knight (Volcano)
  A deep elf knight (Orc:2)
  Nergalle (D:12)
  An iron troll (Orc:2)
  A wizard (Lair:6)
  An unseen horror (D:12)
  The ghost of Leybi the Covert, a novice VSAs of Elyvilon (D:10)
  2 deep trolls
  4 hill giants
  An ugly thing (D:11)
  Pikel (D:9)
  A wolf spider zombie (D:15)
  8 orb spiders
  4 orc knights
  22 wolf spiders
  8 oklob plants (Lair:5)
  A manticore (D:13)
  4 slime creatures
  5 orc sorcerers
  A cyclops (Orc:2)
  A salamander (D:15)
  An elephant (Lair:3)
  2 moths of wrath
  A black mamba (Lair:6)
  4 centaur zombies
  2 orange demons (Lair:6)
  A torpor snail (Lair:2)
  3 centaur skeletons
  16 spiny frogs
  A gargoyle (D:11)
  A rime drake (Lair:5)
  9 komodo dragons
  3 ice devils (Lair:6)
  An efreet (D:15)
  5 demonic crawlers
  14 trolls
  20 jumping spiders
  3 polar bears
  A queen bee (Lair:3)
  2 hornets (Spider:1)
  6 dream sheep
  A snapping turtle (Lair:2)
  11 two-headed ogres
  7 blink frogs
  18 hippogriffs
  A vampire (D:15)
  A shadow (D:13)
  9 tarantellas
  6 fire bats (Volcano)
  23 redbacks
  A hog (shapeshifter) (D:14)
  4 wraiths
  Grum (D:10)
  42 yaks
  4 basilisks
  3 hungry ghosts
  5 fire elementals (D:12)
  6 wyverns
  2 mottled dragons (D:15)
  4 wargs
  Menkaure (D:4)
  14 soldier ants
  Duvessa (D:4)
  3 porcupines
  5 hell hounds
  7 water moccasins
  21 orc warriors
  2 black bears
  6 sky beasts
  2 necrophages (D:11)
  6 ice beasts
  7 phantoms
  29 ogres
  4 boggarts (D:14)
  20 wolves
  22 centaurs
  A big kobold (D:9)
  16 crocodiles
  12 bullfrogs
  A gnoll sergeant (D:12)
  Dowan (D:4)
  A wyvern skeleton (D:10)
  3 scorpions
  35 killer bees
  6 wights
  4 electric eels
  6 howler monkeys
  A crimson imp (D:11)
  7 lava snakes (Volcano)
  A bullfrog zombie (D:11)
  A quasit (D:5)
  Crazy Yiuf (D:5)
  16 orc priests
  3 hounds
  5 jellies
  Natasha (thrice) (D:4 D:6 D:8)
  14 orc wizards
  2 iguanas
  28 worker ants
  10 hell rats
  A hound zombie (D:9)
  2 hound skeletons
  A howler monkey zombie (D:10)
  9 gnolls
  14 adders
  4 shadow imps
  2 oozes
  2 adder zombies (D:5)
  2 adder skeletons
  5 worms
  A dart slug (D:3)
  10 leopard geckos
  66 orcs
  A ball python (D:3)
  3 giant cockroaches
  11 goblins
  8 hobgoblins
  A jackal (D:1)
  12 kobolds
  2 quokkas
  5 bats
  3 frilled lizards (D:2)
  A jackal skeleton (D:7)
  A jackal zombie (D:5)
  A leopard gecko skeleton (D:5)
  2 quokka skeletons
  3 quokka zombies
  6 rats
  18 plants
884 creatures vanquished.

Vanquished Creatures (collateral kills)
  A spark wasp (Spider:4)
  An orc high priest (Orc:2)
  A sun demon (Lair:6)
  4 wolf spiders (Spider:4)
  A manticore (D:12)
  An orc sorcerer (Orc:1)
  A gargoyle (D:12)
  A smoke demon (Lair:6)
  An orange demon (Lair:6)
  A hellwing (Lair:6)
  A demonic crawler (Spider:4)
  A troll (Orc:1)
  A hornet (Spider:4)
  A tarantella (Spider:4)
  3 redbacks (Spider:4)
  A warg (Orc:1)
  A hell hound (Lair:6)
  2 orc warriors
  2 ogres (Orc:1)
  An orc priest (Orc:1)
  An orc wizard (Orc:1)
  11 orcs (Orc:1)
39 creatures vanquished.

Vanquished Creatures (others)
  A redback (Spider:2)
  A tarantella (Spider:2)
  A soldier ant (Spider:1)
  2 slaves (D:9)
  A quasit (D:9)
  A jelly (D:9)
  2 worker ants (Spider:1)
  2 orcs (D:9)
  3 fungi
  18 plants
32 creatures vanquished.

Grand Total: 955 creatures vanquished

Notes
Turn   | Place    | Note
-------+----------+-------------------------------------------
     0 | D:1      | mmcf the Minotaur Berserker began the quest for the Orb.
     0 | D:1      | Reached XP level 1. HP: 19/19 MP: 0/0
   102 | D:2      | Reached XP level 2. HP: 24/27 MP: 1/1
   335 | D:1      | Reached skill level 4 in Fighting
   373 | D:1      | Reached XP level 3. HP: 29/33 MP: 2/2
   690 | D:2      | Found a deep blue altar of Sif Muna.
  1212 | D:2      | Reached ** piety under Trog
  1341 | D:2      | Reached XP level 4. HP: 41/41 MP: 3/3
  1379 | D:2      | Found a blossoming altar of Fedhas.
  1558 | D:4      | Noticed Dowan
  1562 | D:4      | Noticed Duvessa
  1703 | D:3      | Reached skill level 5 in Maces & Flails
  1931 | D:4      | Noticed Natasha
  1933 | D:4      | Killed Natasha
  1933 | D:4      | Reached skill level 5 in Fighting
  1934 | D:4      | Reached XP level 5. HP: 39/48 MP: 4/4
  2202 | D:3      | Found a glowing silver altar of Zin.
  2307 | D:4      | Killed Duvessa
  2307 | D:4      | Reached XP level 6. HP: 56/56 MP: 5/5
  2342 | D:4      | Killed Dowan
  2503 | D:5      | Entered Level 5 of the Dungeon
  2708 | D:4      | Reached skill level 6 in Fighting
  2877 | D:4      | Reached XP level 7. HP: 63/63 MP: 6/6
  2906 | D:4      | Lost intelligence.
  2978 | D:4      | Found a radiant altar of Vehumet.
  3014 | D:4      | Reached *** piety under Trog
  3041 | D:4      | Noticed Menkaure
  3047 | D:4      | Killed Menkaure
  3554 | D:4      | Reached XP level 8. HP: 69/71 MP: 7/7
  3625 | D:5      | Reached skill level 7 in Fighting
  3737 | D:5      | Found a blossoming altar of Fedhas.
  3866 | D:5      | Got a faintly humming chain mail
  4106 | D:4      | Identified the +6 chain mail "Siosh" {Regen+} (You found it on level 5 of the Dungeon)
  4191 | D:5      | Reached skill level 5 in Armour
  4248 | D:5      | Found a runed door.
  4253 | D:5      | Noticed Crazy Yiuf
  4257 | D:5      | Killed Crazy Yiuf
  4437 | D:6      | Found a staircase to the Ecumenical Temple.
  4807 | D:6      | Noticed Natasha
  4809 | D:6      | Killed Natasha
  4809 | D:6      | Reached skill level 10 in Maces & Flails
  4884 | D:7      | Found Zentuec's Armour Emporium.
  4959 | D:6      | Found a shimmering altar of Xom.
  4959 | D:6      | Found a bloodstained altar of Trog.
  5052 | D:6      | Reached **** piety under Trog
  5065 | D:6      | Found a stormy altar of Qazlal.
  5268 | D:6      | Found a hide-covered altar of Uskayaw.
  5412 | D:7      | Reached skill level 8 in Fighting
  5590 | D:7      | Reached XP level 9. HP: 81/81 MP: 8/8
  6536 | D:8      | Noticed Natasha
  6545 | D:8      | Killed Natasha
  6756 | D:9      | Found Pephofoli's Antique Armour Shop.
  6777 | D:9      | Reached skill level 1 in Crossbows
  6813 | D:9      | Bought an ancient cloak for 294 gold pieces
  6890 | D:9      | Noticed Pikel
  6895 | D:9      | Killed Pikel
  6895 | D:9      | Reached skill level 9 in Fighting
  6998 | D:8      | Identified a +0 rod of clouds (13/13) (You found it on level 8 of the Dungeon)
  7139 | D:8      | Found a shadowy altar of Dithmenos.
  7183 | D:8      | Reached XP level 10. HP: 91/91 MP: 9/9
  7274 | D:10     | Entered Level 10 of the Dungeon
  7397 | D:9      | Reached skill level 1 in Evocations
  7478 | D:9      | Identified the cursed +0 cloak of Shielding {+Blink rPois Str+7} (You bought it in a shop on level 9 of the Dungeon)
  7578 | D:9      | Reached ***** piety under Trog
  7590 | D:9      | Reached skill level 10 in Fighting
  8075 | D:9      | Found a shattered altar of Ashenzari.
  8283 | D:9      | Found a snail-covered altar of Cheibriados.
  8283 | D:9      | Found a faded altar of an unknown god.
  8288 | D:9      | Found a faded altar of an unknown god.
  8290 | D:9      | Found a faded altar of an unknown god.
  8291 | D:9      | Found an opulent altar of Gozag.
  8630 | D:11     | Found a labyrinth entrance.
  8641 | Lab      | Entered a labyrinth
  8886 | Lab      | Noticed a minotaur
  8894 | Lab      | Killed a minotaur
  8896 | Lab      | Got a scorched platinum ring
  8979 | Lab      | Identified a +4 rod of inaccuracy (8/9) (You took it off a minotaur in a labyrinth)
  8980 | Lab      | Identified a +4 rod of clouds (14/14) (You found it in a labyrinth)
  8984 | Lab      | Identified the cursed ring "Maeng" {rPois rC+++ Str-5 Int-2 Dex-3} (You took it off a minotaur in a labyrinth)
  9023 | D:10     | Noticed Grum
  9036 | D:10     | Killed Grum
  9167 | D:11     | Reached skill level 11 in Fighting
  9167 | D:11     | Reached XP level 11. HP: 92/102 MP: 12/12
  9471 | D:10     | Noticed Leybi's ghost (novice VSAs)
  9480 | D:10     | Killed Leybi's ghost
  9533 | D:10     | Found a sacrificial altar of Ru.
  9733 | D:11     | Noticed a six-headed hydra
  9746 | D:11     | Killed a six-headed hydra
  9777 | D:12     | Noticed a green ugly thing
  9779 | D:12     | Reached skill level 5 in Dodging
  9789 | D:11     | Killed a green ugly thing
  9812 | D:12     | Received a gift from Trog
  9812 | D:12     | Reached skill level 15 in Maces & Flails
  9848 | D:12     | Noticed a five-headed hydra
  9854 | D:12     | Killed a five-headed hydra
  9859 | D:11     | Found a glowing golden altar of the Shining One.
  9946 | D:11     | Found a staircase to the Orcish Mines.
 10335 | D:11     | Found a staircase to the Lair.
 10410 | Lair:1   | Entered Level 1 of the Lair of Beasts
 10421 | Lair:1   | Reached skill level 12 in Fighting
 10979 | Lair:1   | Reached XP level 12. HP: 112/112 MP: 14/14
 11072 | Lair:1   | Noticed a seven-headed hydra
 11078 | Lair:1   | Received a gift from Trog
 11089 | Lair:1   | Killed a seven-headed hydra
 11556 | Lair:3   | Found a dark tunnel.
 11566 | Volcano  | Entered a volcano
 11718 | Volcano  | Noticed an ogre mage
 11748 | Volcano  | Killed an ogre mage
 11748 | Volcano  | Reached skill level 13 in Fighting
 11748 | Volcano  | Reached skill level 5 in Crossbows
 11834 | Volcano  | Found a bloodstained altar of Trog.
 11859 | Volcano  | Found a radiant altar of Vehumet.
 11883 | Volcano  | Got a pair of ichor-stained boots
 11953 | Lair:3   | Noticed CcS's ghost (journeyman VSGl)
 11974 | Lair:3   | Killed CcS's ghost
 12202 | Lair:2   | Identified the +0 pair of boots of Pehin {rElec rF- Stlth+} (You found it in a volcano)
 12365 | Lair:2   | Found a staircase to the Shoals.
 12395 | Lair:2   | Found a hole to the Spider Nest.
 12691 | Lair:4   | Noticed a death yak
 12691 | Lair:4   | Noticed a death yak
 12691 | Lair:4   | Noticed a death yak
 12691 | Lair:4   | Noticed a death yak
 12696 | Lair:4   | Noticed a death yak
 12697 | Lair:4   | Noticed a death yak
 12714 | Lair:3   | Killed a death yak
 12717 | Lair:3   | Killed a death yak
 12773 | Lair:3   | Killed a death yak
 12777 | Lair:3   | Killed a death yak
 12780 | Lair:3   | Killed a death yak
 12842 | Lair:4   | Killed a death yak
 12898 | Lair:3   | Reached XP level 13. HP: 123/123 MP: 15/15
 12949 | Lair:4   | Reached skill level 14 in Fighting
 12952 | Lair:4   | Received a gift from Trog
 13188 | Lair:3   | Reached skill level 5 in Evocations
 14469 | Lair:6   | Entered Level 6 of the Lair of Beasts
 14633 | Lair:5   | Reached ****** piety under Trog
 14673 | Lair:6   | Received a gift from Trog
 14677 | Lair:6   | Reached skill level 15 in Fighting
 15714 | Lair:5   | Reached XP level 14. HP: 106/135 MP: 18/18
 15900 | Lair:5   | Got bloodstained shadow dragon scales
 16078 | Lair:5   | Found a viscous altar of Jiyva.
 16079 | Lair:5   | Found a staircase to the Slime Pits.
 17231 | Lair:6   | Reached skill level 16 in Fighting
 17236 | Lair:6   | Found a burning altar of Makhleb.
 17297 | Lair:6   | Received a gift from Trog
 17310 | Lair:6   | Found a gateway to Hell.
 18225 | D:11     | Received a gift from Trog
 18296 | D:11     | Noticed Josephine
 18304 | D:11     | Killed Josephine
 18518 | Orc:1    | Entered Level 1 of the Orcish Mines
 18518 | Orc:1    | Noticed Snorg
 18530 | Orc:1    | Killed Snorg
 18628 | Orc:1    | Found Goibionn's Armour Boutique.
 18633 | Orc:2    | Entered Level 2 of the Orcish Mines
 18955 | Orc:2    | Found a staircase to the Elven Halls.
 18964 | Orc:2    | Found Jufixt's Antique Weapon Emporium.
 19046 | Orc:2    | Found Keofaff's Distillery.
 19048 | Orc:2    | Noticed a stone giant
 19085 | Orc:2    | Killed a stone giant
 19440 | Orc:1    | Noticed an orc warlord
 19460 | Orc:1    | Received a gift from Trog
 19471 | Orc:1    | Killed an orc warlord
 19471 | Orc:1    | Reached skill level 10 in Armour
 19514 | Orc:1    | Noticed an orc warlord
 19527 | Orc:1    | Killed an orc warlord
 19596 | Orc:1    | Got a warped arbalest {god gift}
 19597 | Orc:1    | Identified the +7 arbalest of Entrepreneurial Spirit {venom, *Slow MR++ Int+3 SInv} (Trog gifted it to you on level 1 of the Orcish Mines)
 19796 | Orc:2    | Found Sinoenid's Armour Emporium.
 19798 | Orc:2    | Found Xypneucw's Magic Scroll Shop.
 19830 | Orc:2    | Reached skill level 17 in Fighting
 19830 | Orc:2    | Reached XP level 15. HP: 53/147 MP: 21/21
 19909 | Orc:2    | Found Bofad's Food Boutique.
 19942 | Orc:2    | Bought the +0 pair of gloves of Recklessness {rC+ rCorr Int-2 Dex+3} for 393 gold pieces
 19954 | Orc:2    | Bought a scroll of teleportation for 39 gold pieces
 19954 | Orc:2    | Bought a scroll of enchant armour for 97 gold pieces
 19954 | Orc:2    | Bought a scroll of magic mapping for 45 gold pieces
 19954 | Orc:2    | Bought a scroll of remove curse for 39 gold pieces
 19954 | Orc:2    | Bought a scroll of recharging for 123 gold pieces
 19954 | Orc:2    | Bought 2 scrolls of magic mapping for 91 gold pieces
 19972 | Orc:2    | Bought a potion of curing for 39 gold pieces
 19972 | Orc:2    | Bought a potion of curing for 39 gold pieces
 19972 | Orc:2    | Bought a potion of heal wounds for 65 gold pieces
 19972 | Orc:2    | Bought a potion of ambrosia for 104 gold pieces
 20170 | Orc:2    | Noticed an orc warlord
 20181 | Orc:2    | Killed an orc warlord
 20209 | Orc:2    | Paralysed by an orc sorcerer for 4 turns
 20321 | Orc:2    | Received a gift from Trog
 20890 | Orc:2    | Bought a crude hand crossbow for 238 gold pieces
 20890 | Orc:2    | Lost intelligence.
 20890 | Orc:2    | Identified the cursed +1 hand crossbow "Zomnath" {penet, rElec rN+ Int-5 SInv} (You bought it in a shop on level 2 of the Orcish Mines)
 21159 | Lair:2   | Identified the cursed +1 shadow dragon scales of the Echidna {rC+ Stlth++++} (You found it on level 5 of the Lair of Beasts)
 21306 | D:12     | Noticed Nergalle
 21314 | D:12     | Killed Nergalle
 21324 | D:12     | Reached skill level 10 in Evocations
 21382 | D:12     | Noticed Azrael
 21385 | D:12     | Noticed Nessos
 21395 | D:12     | Killed Nessos
 21399 | D:12     | Killed Azrael
 21399 | D:12     | HP: 9/220 [fire elemental[Azrael] (7)]
 21401 | D:12     | HP: 2/220 [fire elemental[Azrael] (9)]
 21689 | D:12     | Found a corrupted altar of Lugonu.
 22275 | D:14     | Noticed coffeespoons's ghost (journeyman MiBe)
 22289 | D:14     | Killed coffeespoons's ghost
 22289 | D:14     | Received a gift from Trog
 22884 | D:15     | Entered Level 15 of the Dungeon
 23267 | D:14     | Received a gift from Trog
 23537 | D:14     | Found a gate to the Vaults.
 24193 | D:15     | Found a shadowy altar of Dithmenos.
 24203 | D:15     | Reached skill level 18 in Fighting
 24422 | D:15     | Found a staircase to the Depths.
 24428 | D:15     | Received a gift from Trog
 24940 | Spider:1 | Entered Level 1 of the Spider Nest
 25363 | Spider:1 | Reached skill level 10 in Dodging
 25498 | Spider:2 | Reached XP level 16. HP: 158/158 MP: 22/22
 25686 | Spider:1 | Received a gift from Trog
 26198 | Spider:2 | Noticed Arachne
 26211 | Spider:2 | Reached skill level 10 in Crossbows
 26218 | Spider:2 | Killed Arachne
 26225 | Spider:2 | Received a gift from Trog
 26929 | Spider:3 | Received a gift from Trog
 27065 | Spider:4 | Entered Level 4 of the Spider Nest
 27253 | Spider:4 | Reached skill level 19 in Fighting
 27563 | Spider:4 | Mangled by a wolf spider

Skill      XL: |  1  2  3  4  5  6  7  8  9 10 11 12 13 14 15 16 |
---------------+-------------------------------------------------+-----
Maces & Flails | 4 5 6 7 8 10 12 14 16 17 18 | 18.1
Fighting       | 4 5 6 8 9 11 12 13 15 17 18 19 | 19.2
Armour         | 3 4 5 6 8 10 | 10.8
Dodging        | 4 6 7 10 11 | 11.6
Crossbows      | 3 7 9 11 | 11.0
Evocations     | 3 4 7 9 10 | 10.2

Action                   |  1- 3 |  4- 6 |  7- 9 | 10-12 | 13-15 | 16-18 || total
-------------------------+-------+-------+-------+-------+-------+-------++-------
Melee: Mace              |    21 |       |       |       |       |       ||    21
       Headbutt          |    12 |    28 |    65 |   140 |   360 |    84 ||   689
       Flail             |    50 |   119 |   286 |    83 |       |       ||   538
       Dire flail        |       |       |       |   444 |    28 |       ||   472
       Eveningstar       |       |       |       |       |  1195 |   262 ||  1457
 Fire: Hunting sling     |       |     8 |       |       |       |       ||     8
       Hand crossbow     |       |       |     1 |       |     9 |       ||    10
       Arbalest          |       |       |       |       |    15 |    23 ||    38
Invok: Burn Spellbooks   |     1 |       |     2 |     3 |     3 |       ||     9
       Berserk           |       |     1 |     6 |     6 |     8 |     1 ||    22
       Trog's Hand       |       |       |     1 |     2 |     4 |     2 ||     9
       Brothers in Arms  |       |       |       |       |     7 |     5 ||    12
 Abil: Evoke Blink       |       |       |       |       |     1 |       ||     1
Evoke: Rod               |       |       |       |     3 |     4 |       ||     7
  Use: Scroll            |       |       |    19 |    13 |    11 |     4 ||    47
       Potion            |       |       |       |       |     1 |       ||     1
  Eat: Chunk             |     1 |     6 |    18 |    11 |    29 |       ||    65
       Pizza             |       |       |     1 |       |     1 |       ||     2
       Fruit             |       |       |       |    10 |       |       ||    10
       Beef jerky        |       |       |       |     2 |     1 |       ||     3
       Meat ration       |       |       |       |     1 |     1 |       ||     2
       Bread ration      |       |       |       |       |     4 |     2 ||     6
Armor: Chain mail        |    28 |    75 |   150 |   235 |   674 |   293 ||  1455
       Animal skin       |     2 |       |       |       |       |       ||     2
Dodge: Dodged            |    34 |    51 |   107 |   222 |   885 |   354 ||  1653
